 Dungeon Crawl Stone Soup version 0.20.1-1-g8b1a95d (webtiles) character file.

455 ANON1729 the Gusty (level 7, 0/41 HPs)
             Began as an Octopode Air Elementalist on Aug 6, 2017.
             Was an Initiate of Sif Muna.
             Slain by an orc
             ... wielding a +0 club
              (4 damage)
             ... on level 5 of the Dungeon.
             The game lasted 00:12:44 (4711 turns).

ANON1729 the Gusty (Octopode Air Elementalist)      Turns: 4711, Time: 00:12:46

Health: 0/41       AC:  1    Str:  7    XL:     7   Next: 5%
Magic:  5/12       EV: 13    Int: 20    God:    Sif Muna [......]
Gold:   235        SH:  0    Dex: 12    Spells: 9/12 levels left

rFire    + . .     SeeInvis .   m - +2 short sword (venom)
rCold    . . .     Gourm    .   (no shield)
rNeg     . . .     Faith    .   (helmet restricted)
rPois    .         Spirit   .   (no amulet)
rElec    .         Reflect  .   v - ring of protection from fire
rCorr    .         Harm     .   (no ring)
MR       .....                  (no ring)
Stlth    +++.......             (no ring)
Regen    0.2/turn               (no ring)
MPRegen  0.2/turn               (no ring)
                                (no ring)
                                (no ring)

@: no status effects
A: almost no armour, stealthy swim, amphibious, 8 rings, constrict 8, camouflage
1, gelatinous body 1
a: Renounce Religion


You were on level 5 of the Dungeon.
You worshipped Sif Muna.
Sif Muna was noncommittal.
You were hungry.

You visited 2 branches of the dungeon, and saw 6 of its levels.

You collected 235 gold pieces.

Inventory:

Hand Weapons
 m - a +2 short sword of venom (weapon)
Armour
 t - a +0 buckler
Jewellery
 v - a ring of protection from fire (left tentacle)
Scrolls
 e - a scroll of immolation {unknown}
 f - 4 scrolls of identify {unknown}
 i - 3 scrolls of blinking {unknown}
 l - a scroll of teleportation {unknown}
 n - 7 scrolls of remove curse {unknown}
 o - a scroll of fog {unknown}
Potions
 c - 3 potions of brilliance {unknown}
 g - a potion of mutation {unknown}
 h - a potion of lignification {unknown}
 j - 2 potions of curing {unknown}
 p - 4 potions of heal wounds {unknown}
 r - a potion of haste {unknown}
 s - 2 potions of flight {unknown}
 u - a potion of degeneration {unknown}
 x - a potion of cancellation {unknown}
Books
 a - a book of Air

   Spells                             Type                      Level
   a - Shock                          Conjuration/Air              1
   b - Swiftness                      Charms/Air                   2
   c - Static Discharge               Conjuration/Air              3
   d - Airstrike                      Air                          4
   e - Lightning Bolt                 Conjuration/Air              5
Comestibles
 b - 5 bread rations
 d - 2 meat rations
 k - 3 royal jellies
 w - 7 fruits


   Skills:
 - Level 2.0 Dodging
 - Level 3.6 Stealth
 * Level 3.3 Shields
 + Level 3.4 Spellcasting
 + Level 3.4 Conjurations
 + Level 4.5 Air Magic


You had 9 spell levels left.
You knew the following spells:

 Your Spells              Type           Power        Failure   Level  Hunger
a - Shock                 Conj/Air       ###.         2%          1    None
b - Swiftness             Chrm/Air       ##......     9%          2    ##.....


Dungeon Overview and Level Annotations

Branches:
Dungeon (5/15)             Temple (1/1) D:4

Altars:
Ashenzari
Dithmenos
Elyvilon
Gozag
Hepliaklqana
Kikubaaqudgha
Nemelex Xobeh
Okawaru
Qazlal
Ru
Sif Muna
Vehumet
Yredelemnul
The Shining One

Annotations:
D:5 Ijyb


Innate Abilities, Weirdness & Mutations

You cannot wear most types of armour.
You are very stealthy in the water. (Stealth+)
You are amphibious.
You can wear up to eight rings at the same time.
You can use your tentacles to constrict eight enemies at once.
Your skin changes colour to match your surroundings (Stealth+).
Your rubbery body absorbs attacks. (AC +1, EV +1)


Message History

The zap misses the orc priest.
The orc priest hits you with a mace!
* * * LOW HITPOINT WARNING * * *
Casting: Shock
Confirm with . or Enter, or press ? or * to list all spells.
Aiming: Shock
Press: ? - help, Shift-Dir - straight line, f/p - orc priest
Aim: an orc priest, wielding a mace and wearing a leather armour (almost dead)
The zap misses the orc priest.
The orc closely misses you.
Casting: Shock
Confirm with . or Enter, or press ? or * to list all spells.
Aiming: Shock
Press: ? - help, Shift-Dir - straight line, f/p - orc priest
Aim: an orc priest, wielding a mace and wearing a leather armour (almost dead)
The zap hits the orc priest.
The orc priest appears unharmed.
The orc priest is almost dead.
The orc priest mumbles some strange prayers to Beogh against you.
Beogh smites you!
* * * LOW HITPOINT WARNING * * *
The orc hits you with a club.
You die...

..rr...... #o#.r#...#
..Sg.....#
....o....###
...........# ......#
#.##.##..### .#....##
#..# ....... #oo#
...... ...# #@.#
#...# #..# #..# #...#
#..# #..# #...# #..#
#..# ##...####..##
#..# ............#
#..#
###..####..#####..###
....................#
###..####..##########


You could see an orc priest and an orc.

Vanquished Creatures
  Eustachio (D:4)
  A hound (D:4)
  An orc priest (D:4)
  A jelly (D:5)
  An orc wizard (D:4)
  Crazy Yiuf (D:2)
  An iguana (D:4)
  A worker ant (D:4)
  5 adders
  2 oozes
  An adder skeleton (D:4)
  4 worms
  3 leopard geckos
  4 orcs
  A ball python (D:3)
  6 hobgoblins
  2 jackals (D:4)
  3 kobolds
  2 quokkas
  8 bats
  3 frilled lizards
  5 goblins
  5 rats
62 creatures vanquished.

Vanquished Creatures (others)
  A leopard gecko (D:4)
1 creature vanquished.

Grand Total: 63 creatures vanquished

Notes
Turn   | Place    | Note
-------+----------+-------------------------------------------
     0 | D:1      | ANON1729 the Octopode Air Elementalist began the quest for the Orb.
     0 | D:1      | Reached XP level 1. HP: 11/11 MP: 3/3
   531 | D:1      | Reached XP level 2. HP: 17/17 MP: 3/5
   805 | D:1      | Learned a level 2 spell: Swiftness
  1257 | D:2      | Found a runed door.
  1288 | D:2      | Reached XP level 3. HP: 21/21 MP: 3/6
  1295 | D:2      | Found a sacrificial altar of Ru.
  2078 | D:2      | Reached XP level 4. HP: 27/27 MP: 5/7
  2388 | D:2      | Noticed Crazy Yiuf
  2399 | D:2      | Killed Crazy Yiuf
  2631 | D:3      | Found a white marble altar of Elyvilon.
  2689 | D:3      | Found a sparkling altar of Nemelex Xobeh.
  2694 | D:3      | Found a shattered altar of Ashenzari.
  2895 | D:3      | Reached XP level 5. HP: 31/31 MP: 4/9
  2982 | D:4      | Found a staircase to the Ecumenical Temple.
  3004 | D:4      | Reached skill level 1 in Shields
  3102 | D:4      | Reached skill level 4 in Air Magic
  3263 | Temple   | Entered the Ecumenical Temple
  3392 | Temple   | Became a worshipper of Sif Muna the Loreminder
  3534 | D:4      | Noticed Eustachio
  3550 | D:4      | Killed Eustachio
  3550 | D:4      | Reached XP level 6. HP: 24/36 MP: 8/10
  3931 | D:4      | Found a stormy altar of Qazlal.
  4428 | D:5      | Entered Level 5 of the Dungeon
  4432 | D:5      | Found a radiant altar of Vehumet.
  4655 | D:5      | Reached XP level 7. HP: 41/41 MP: 5/12
  4700 | D:5      | Noticed Ijyb
  4711 | D:5      | Slain by an orc

Skill      XL: |  1  2  3  4  5  6 |
---------------+-------------------+-----
Stealth        | 3 |  3.6
Conjurations   | 2 3 |  3.4
Shields        | 2 3 |  3.3
Spellcasting   | 3 |  3.4
Air Magic      | 4 |  4.5
Dodging        | |  2.0

Action                   |  1- 3 |  4- 6 |  7- 9 || total
-------------------------+-------+-------+-------++-------
Melee: Unarmed           |     6 |       |       ||     6
       Constrict         |     6 |     4 |       ||    10
       Tentacles         |     4 |     4 |       ||     8
       Short sword       |    18 |    20 |       ||    38
 Cast: Shock             |    27 |    79 |     8 ||   114
 Stab: Sleeping          |     5 |     3 |       ||     8
  Eat: Chunk             |     3 |     8 |       ||    11
Armor: Skin              |     7 |     1 |       ||     8
Dodge: Dodged            |    28 |    31 |     1 ||    60
